woodfighter, neutral female scurrid Tourist ----------- |......`..| |.........| ------------- ##.*........| |`.........`| # |.........| d |.....`..Y...d#### ---.-.----- |...-----.%.| ####### |...|.{.|...| ### # B# |..`|{@{.`..| # ### @ ##....|.{.|...| # # -----|- # |.%.-----...| # ## e |.....-###f######## |.....`.....| ---.----.-- |.....| |`.........`| |.........| |.....| ------------- |.........| |.....| |.....^...+ ------- |.........| ----------- woodfighter the Sightseer Experience level: 5 Strength: 15 Dexterity: 11 Constitution: 14 Intelligence: 11 Wisdom: 9 Charisma: 17 Health: 0(30) Energy: 16(16) Def: 0 Gold: 1051 Moves: 1933 Dungeon seed: 9yIwHS_MfGpeo0Hf Game ID: woodfighter_1517704030 Your Inventory: Coins $ - 1051 gold pieces Amulets t - an uncursed amulet versus poison O - a cursed amulet of restful sleep Weapons a - 41 +2 darts (in quiver) Armor e - an uncursed +0 Hawaiian shirt (being worn) q - a cursed +0 cloak of invisibility r - a cursed -3 helm of opposite alignment N - a cursed -1 pair of gauntlets of fumbling Y - an uncursed +1 pair of leather gloves Comestibles b - an uncursed pear c - an uncursed lembas wafer d - 4 uncursed food rations f - an uncursed fortune cookie g - 2 uncursed oranges h - an uncursed chestnut i - an uncursed tin of goblin meat s - an uncursed tin of spinach z - 2 uncursed lichen corpses V - an uncursed apple Scrolls k - 3 uncursed scrolls of magic mapping l - a blessed scroll of magic mapping v - a cursed scroll of identify A - an uncursed scroll of light J - an uncursed scroll of enchant armor U - an uncursed scroll of gold detection Potions j - 2 uncursed potions of extra healing u - an uncursed potion of sleeping M - 3 uncursed potions of hallucination S - 2 uncursed potions of object detection Z - 2 uncursed potions of see invisible Rings n - an uncursed ring of sustain ability D - a blessed +1 ring of adornment Wands o - a wand of secret door detection (0:11) B - a wand of enlightenment (0:14) H - a wand of polymorph (0:7) P - a wand of enlightenment (0:12) X - a wand of enlightenment (0:11) Tools m - an expensive camera (0:79) p - an uncursed oil lamp (0:1202) y - an uncursed credit card I - a blessed oil lamp (0:1433) T - an uncursed oil lamp (0:1210) W - an uncursed towel Gems w - a cursed loadstone Spells and supernatural/magical abilities: Name Level Category Fail Memory W - pray for help -- divine ? -- Your skills at the end: Miscellaneous Skills wands [Basic] Weapon Skills dart [Skilled] Spellcasting Skills Final Attributes: You were devoutly aligned. You were blinded. You were telepathic. You had infravision. You were somewhat stealthy. You are dead. Vanquished creatures: a giant spider an imp a shrieker 2 floating eyes an iguana a rothe 2 jitterbugs a monkey a gas spore a hobbit 3 geckos a giant rat 4 cave spiders 2 brown molds a yellow mold 2 green molds a jackal 9 newts 2 goblins 7 sewer rats 6 grid bugs 4 lichens a kobold zombie 55 creatures vanquished. Voluntary challenges: You did not adorn yourself with jewelry or accessories. You did not cause conflict. You were not invisible. You did not have reflection. You were not displaced. You never hit with a wielded weapon. You did not use containers. You did not apply a unicorn horn. You did not use plumbed fixtures. You did not drink any magical draughts. You were illiterate. You never genocided any monsters. You never polymorphed an object. You never changed form. You used no wishes. You never split a pudding. You never wrote Elbereth's name. You never violated your personal moral code. Dungeon overview: The Dungeons of Doom: levels 1 to 9 Level 1 a fountain a long staircase Level 2 a fountain stairs to The Gnomish Mines Level 3 Level 4 a general store, a fountain Level 5 Level 6 Level 9 <- You were here many fountains The Gnomish Mines: Level 3 stairs to The Dungeons of Doom History has recorded: On T:1 you entered the Dungeons of Doom to retrieve the Amulet of Yendor! On T:149 you reached level 2 of The Dungeons of Doom. On T:211 you advanced to experience level 2. On T:330 you reached level 3 of The Dungeons of Doom. On T:361 you reached level 1 of The Gnomish Mines. On T:474 you advanced to experience level 3. On T:538 you reached level 4 of The Dungeons of Doom. On T:726 you advanced to experience level 4. On T:754 you reached level 5 of The Dungeons of Doom. On T:856 you prayed to The Lady. On T:1583 you reached level 6 of The Dungeons of Doom. On T:1641 you reached level 9 of The Dungeons of Doom. On T:1647 you advanced to experience level 5. Score breakdown: Gold: 825 ( 82 points) Experience: 5 levels ( 400 points) Exploration: 9 levels ( 240 points) Discoveries: 19 items ( 950 points) Variety of kills: 23 monsters ( 1150 points) Major goal: (nothing yet) ( 0 points) Survival: died (score multiplied by 3) Total score: 8466 Latest messages: J - a scroll labeled ZELGO MER. The door opens. You stop exploring. The jitterbug bites! (2x) The dart hits the jitterbug! The jitterbug bites! (4x) The dart misses the jitterbug. The jitterbug bites! (2x) The dart misses the jitterbug. The jitterbug bites! (4x) The dart hits the jitterbug! The jitterbug bites! (2x) You throw 2 darts. The 1st dart hits the jitterbug! The 2nd dart hits the jitterbug! You kill the jitterbug! The raven pecks! The raven blinds you! The dart hits the raven. The raven pecks! You die... Final status: Aloha woodfighter the Tourist, killed by a raven... You died in The Dungeons of Doom on dungeon level 9 with 8466 points, and 1051 pieces of gold, after 1933 moves. You were level 5 with a maximum of 30 hit points when you died.